 Dungeon Crawl Stone Soup version 0.25.1-2-g60ff931df9 (webtiles) character file.

Game seed: 914718687167478073

10372 Almogavar the Grappler (level 11, -11/101 HPs)
             Began as a Troll Monk on Sept 2, 2020.
             Was an Elder of Makhleb.
             Mangled by a two-headed ogre
             ... wielding a +0 giant club
              (26 damage)
             ... on level 1 of the Lair of Beasts.
             The game lasted 00:31:26 (7935 turns).

Almogavar the Grappler (Troll Monk)                 Turns: 7935, Time: 00:31:27

Health: -11/101    AC:  8    Str: 24    XL:     11   Next: 35%
Magic:  14/14      EV: 13    Int: 12    God:    Makhleb [****..]
Gold:   542        SH:  0    Dex: 12    Spells: 10/10 levels left

rFire    . . .     SeeInvis .     - Unarmed
rCold    . . .     Gourm    +   (no shield)
rNeg     + . .     Faith    .   h - +0 robe (curse)
rPois    .         Spirit   .   f - +1 hat
rElec    .         Reflect  .   s - +0 cloak
rCorr    .         Harm     .   (gloves unavailable)
MR       .....                  (boots unavailable)
Stlth    ++........             (no amulet)
HPRegen  0.66/turn              u - +6 ring of intelligence
MPRegen  0.14/turn              z - ring of positive energy (curse)

@: lethally poisoned (-11 -> -13), slowed, very slow
A: large, unfitting armour, claws 3, fast metabolism 3, gourmand, regeneration
1, shaggy fur 1, tough skin 3
a: Minor Destruction, Lesser Servant of Makhleb, Major Destruction, Renounce
Religion


You were on level 1 of the Lair of Beasts.
You worshipped Makhleb.
Makhleb was greatly pleased with you.
You were very full.

You visited 3 branches of the dungeon, and saw 13 of its levels.

You collected 542 gold pieces.

Inventory:

Armour
 f - a +1 hat (worn)
 h - a cursed +0 robe (worn)
 s - a +0 cloak (worn)
Jewellery
 u - a +6 ring of intelligence (left claw)
 z - a cursed ring of positive energy (right claw)
Wands
 m - a wand of flame (41)
 p - a wand of clouds (4)
 v - a wand of acid (13)
 w - a wand of polymorph (18)
 x - a wand of disintegration (10)
 B - a wand of enslavement (9)
Scrolls
 a - 2 scrolls of blinking
 d - 2 scrolls of fog
 k - 3 scrolls of enchant weapon
 l - 5 scrolls of remove curse
 n - 3 scrolls of teleportation
 q - 2 scrolls of enchant armour
 r - a scroll of amnesia
Potions
 c - 7 potions of curing
 e - a potion of haste
 g - 4 potions of might
 i - a potion of heal wounds
 j - 3 potions of mutation
 o - 2 potions of stabbing
 t - 2 potions of lignification {unknown}
Miscellaneous
 C - a tin of tremorstones (3/3)
Comestibles
 b - 18 rations


   Skills:
 + Level 4.7 Fighting
 + Level 7.1 Dodging
 - Level 1.0 Stealth
 + Level 13.5 Unarmed Combat
 * Level 5.3 Evocations


You had 10 spell levels left.
You didn't know any spells.
Your spell library contained the following spells:

 Spells                   Type           Power        Failure   Level  Hunger
 Poisonous Vapours        Pois/Air       #.....       45%         2    ###....
 Conjure Flame            Conj/Fire      #.......     69%         3    ####...
 Mephitic Cloud           Conj/Pois/Air  #.......     69%         3    ####...
 Freezing Cloud           Conj/Ice/Air   #.........   100%        6    #######
 Ring of Flames           Chrm/Fire      #.........   100%        7    #######


Dungeon Overview and Level Annotations

Branches:
Dungeon (11/15)            Temple (1/1) D:5            Lair (1/6) D:11
    Orc: D:9-12

Altars:
Dithmenos
Elyvilon
Gozag
Hepliaklqana
Kikubaaqudgha
Makhleb
Okawaru
Qazlal
Ru
Sif Muna
Wu Jian
The Shining One

Annotations:
D:11 Sonja


Innate Abilities, Weirdness & Mutations

You are too large for most types of armour.
You have claws for hands.
Your metabolism is lightning-fast.
You like to eat raw meat.
Your natural rate of healing is unusually fast.
You are covered in fur. (AC +1)
You have extremely tough skin. (AC +3)


Message History

The two-headed ogre hits you with a cursed +0 giant club!
* * * LOW HITPOINT WARNING * * *
The hippogriff bites you but does no damage.
The hippogriff misses you.
The hippogriff claws you but does no damage.
The two-headed ogre barely misses you. x2
You climb downwards.
Welcome to the Lair of Beasts!
You feel sick.
Found 15 gold pieces, a scroll of remove curse, a purple potion and a mace.
There is a staircase back to the Dungeon here.
You feel much better.
You feel sick. The hippogriff barely misses you. The hippogriff pecks you.
* * * LOW HITPOINT WARNING * * *
The hippogriff claws you.
* * * LOW HITPOINT WARNING * * *
The hippogriff bites you.
* * * LOW HITPOINT WARNING * * *
The hippogriff closely misses you.
The hippogriff claws you but does no damage.
The two-headed ogre hits you with a +0 giant club!!
You die...

#).# . #..# ..
...# ... #..#
.... #..#
##+..#..#
.......O#
.......@#
........H..$...
##.####.#?.....
..+..#..# ..#
.!... ...# ....
.... .... +####
....


You could see a two-headed ogre and a hippogriff.

Vanquished Creatures
  Gastronok (D:8)
  2 two-headed ogres
  Pikel (D:6)
  A centaur skeleton (D:10)
  2 trolls (D:10)
  Grinder (D:3)
  A wyvern (D:9)
  6 yaks (D:10)
  2 humans (D:9)
  A hornet zombie (D:6)
  2 orc warriors
  4 sky beasts
  3 ice beasts
  A black bear (D:6)
  3 phantoms (D:8)
  6 ogres
  3 centaurs
  7 bullfrogs
  A big kobold (D:10)
  A gnoll sergeant (D:6)
  A wyvern zombie (D:10)
  A scorpion (D:8)
  4 killer bees (D:9)
  8 wights
  2 electric eels (D:8)
  7 crimson imps
  3 bullfrog zombies
  6 hounds
  2 bullfrog skeletons
  A centaur zombie (D:10)
  3 orc wizards
  4 orc priests
  Ijyb (D:3)
  Natasha (thrice) (D:3)
  2 iguanas
  Terence (D:3)
  7 worker ants
  A killer bee zombie (D:6)
  2 hound skeletons
  A worker ant zombie (D:7)
  19 gnolls
  9 adders
  A howler monkey skeleton (D:9)
  An adder zombie (D:7)
  A worm (D:3)
  A dart slug (D:2)
  10 leopard geckos
  40 orcs
  9 bats
  5 giant cockroaches
  7 hobgoblins
  10 jackals
  3 quokkas
  9 frilled lizards
  8 goblins
  A jackal skeleton (D:5)
  A jackal zombie (D:5)
  19 kobolds
  A leopard gecko skeleton (D:5)
  2 quokka skeletons
  11 rats
  A bush (D:1)
278 creatures vanquished.

Vanquished Creatures (others)
  A scorpion (D:6)
  An adder (D:8)
2 creatures vanquished.

Grand Total: 280 creatures vanquished

Notes
Turn   | Place    | Note
-------+----------+-------------------------------------------
     0 | D:1      | Almogavar the Troll Monk began the quest for the Orb.
     0 | D:1      | Reached XP level 1. HP: 22/22 MP: 0/0
   299 | D:1      | Reached XP level 2. HP: 29/29 MP: 1/1
   893 | D:2      | Reached XP level 3. HP: 36/36 MP: 2/2
  1015 | D:2      | Reached skill level 4 in Unarmed Combat
  1015 | D:2      | Reached XP level 4. HP: 18/44 MP: 3/3
  1439 | D:2      | You fall into a shaft and drop 1 floor!
  1518 | D:3      | Noticed Terence
  1767 | D:3      | Reached XP level 5. HP: 52/52 MP: 4/4
  2026 | D:3      | Noticed Grinder
  2029 | D:3      | Noticed Natasha
  2042 | D:3      | Paralysed by Grinder for 2 turns
  2047 | D:3      | Killed Natasha
  2047 | D:3      | Reached skill level 5 in Unarmed Combat
  2057 | D:3      | Killed Grinder
  2057 | D:3      | Reached XP level 6. HP: 29/61 MP: 5/5
  2202 | D:3      | Killed Terence
  2291 | D:3      | Noticed Ijyb
  2299 | D:3      | Killed Ijyb
  2299 | D:3      | Reached skill level 6 in Unarmed Combat
  2371 | D:3      | Noticed Natasha
  2378 | D:3      | Killed Natasha
  2378 | D:3      | Reached XP level 7. HP: 67/67 MP: 6/6
  2406 | D:3      | Noticed Natasha
  2412 | D:3      | Killed Natasha
  2538 | D:4      | Found a white marble altar of Elyvilon.
  2909 | D:4      | Found a sacrificial altar of Ru.
  3087 | D:5      | Entered Level 5 of the Dungeon
  3138 | D:5      | Reached skill level 1 in Evocations
  3146 | D:5      | Reached skill level 7 in Unarmed Combat
  3233 | D:5      | Reached XP level 8. HP: 60/75 MP: 6/8
  3342 | D:5      | Found an ornate altar of the Wu Jian Council.
  3466 | D:5      | Found a staircase to the Ecumenical Temple.
  3477 | Temple   | Entered the Ecumenical Temple
  3508 | Temple   | Became a worshipper of Makhleb the Destroyer
  3508 | Temple   | Reached * piety under Makhleb
  3508 | Temple   | Reached ** piety under Makhleb
  3642 | D:5      | Found a stormy altar of Qazlal.
  3941 | D:6      | Reached skill level 5 in Dodging
  3941 | D:6      | Reached skill level 8 in Unarmed Combat
  4023 | D:6      | Noticed Pikel
  4044 | D:6      | Killed Pikel
  4044 | D:6      | Reached skill level 9 in Unarmed Combat
  4129 | D:6      | Found a shadowy altar of Dithmenos.
  4317 | D:6      | Reached XP level 9. HP: 75/84 MP: 9/9
  4655 | D:6      | Found an ancient bone altar of Kikubaaqudgha.
  4850 | D:7      | Found a shimmering blue altar of Sif Muna.
  4961 | D:7      | Found a glowing golden altar of the Shining One.
  4985 | D:7      | Reached skill level 10 in Unarmed Combat
  5131 | D:7      | Reached *** piety under Makhleb
  5521 | D:8      | Noticed Gastronok
  5541 | D:8      | Killed Gastronok
  5541 | D:8      | Reached skill level 11 in Unarmed Combat
  5541 | D:8      | Reached XP level 10. HP: 58/93 MP: 10/12
  5719 | D:8      | Noticed a two-headed ogre
  5733 | D:8      | Killed a two-headed ogre
  5766 | D:8      | Found an ancient bone altar of Kikubaaqudgha.
  5796 | D:8      | Reached skill level 12 in Unarmed Combat
  6359 | D:9      | Found an iron altar of Okawaru.
  6540 | D:9      | Reached **** piety under Makhleb
  6647 | D:9      | Found a hazy altar of Hepliaklqana.
  6734 | D:9      | Found an opulent altar of Gozag.
  6872 | D:10     | Entered Level 10 of the Dungeon
  6995 | D:10     | Reached skill level 5 in Evocations
  6995 | D:10     | Reached XP level 11. HP: 101/101 MP: 13/13
  7061 | D:10     | Reached skill level 13 in Unarmed Combat
  7062 | D:10     | Noticed a two-headed ogre
  7074 | D:10     | Killed a two-headed ogre
  7910 | D:11     | Noticed a two-headed ogre
  7916 | D:11     | Found a staircase to the Lair.
  7916 | D:11     | Noticed Sonja
  7933 | D:11     | HP: 3/101 [two-headed ogre/+0 giant club (11)]
  7934 | Lair:1   | Entered Level 1 of the Lair of Beasts
  7935 | Lair:1   | Mangled by a two-headed ogre

Illustrated notes

Levels and vault maps discovered:
D:1:      nicolae_arrival_memento_mori, layout_basic, lexackson_kobold_supper
D:2:      layout_basic
D:3:      layout_rooms, minmay_misc_feat_diagonals, uniq_natasha, uniq_terence,
          uniq_grinder, uniq_ijyb
D:4:      layout_rooms, nicolae_overflow_crystal_walls, old_standard_altar
D:5:      layout_cave_pools, kennysheep_mini_moat,
          nicolae_overflow_hidden_temple, minmay_temple_entry_nine_rooms,
          enter_ossuary_5, first_ration, minmay_lizard_king
D:6:      layout_cave_pools, lemuel_coloured_pillars_altar,
          grunt_decor_fettered, grunt_dithmenos_smoke, uniq_pikel
D:7:      layout_loops_ring, lemuel_crystal_altar, overflow_temple_1_default,
          minmay_fountain_box
D:8:      layout_basic, basic_altar, uniq_gastronok
D:9:      layout_rooms, okawaru_humans, kennysheep_little_box, basic_altar
D:10:     layout_basic
D:11:     layout_roguey, david_lair_generic, orc_0_dummy, enter_bailey_2,
          uniq_sonja
Temple:   nicolae_temple_figure_eight
Lair:1:   layout_chaotic_city, grunt_forest_small_clearings

Skill      XL: |  1  2  3  4  5  6  7  8  9 10 11 |
---------------+----------------------------------+-----
Dodging        | 3 4 5 6 7 |  7.1
Unarmed Combat | 4 5 6 7 9 11 12 13 | 13.5
Fighting       | 3 4 |  4.7
Evocations     | 1 2 4 5 |  5.3
Stealth        | |  1.0

Action                   |  1- 3 |  4- 6 |  7- 9 | 10-12 || total
-------------------------+-------+-------+-------+-------++-------
Melee: Unarmed           |   127 |   155 |   317 |   240 ||   839
       Punch             |     1 |       |    17 |    14 ||    32
Invok: Minor Destruction |       |       |       |     1 ||     1
  Use: Scroll            |       |     3 |     9 |     5 ||    17
       Potion            |       |       |       |     3 ||     3
 Stab: Sleeping          |     2 |     1 |     1 |     6 ||    10
  Eat: Chunk             |    15 |    13 |    29 |    20 ||    77
Armor: Robe              |    28 |    60 |    83 |    39 ||   210
Dodge: Dodged            |    47 |    99 |   200 |   129 ||   475
